 Dungeon Crawl Stone Soup version 0.27.0-66-gdc8fb28755 (webtiles) character file.

Game seed: 371742818152963810

107 boggle the Skirmisher (level 4, 0/41 HPs)
             Began as a Gnoll Wanderer on Aug 21, 2021.
             Slain by a rat (1 damage)
             ... on level 3 of the Dungeon.
             The game lasted 00:10:12 (2464 turns).

boggle the Skirmisher (Gnoll Wanderer)              Turns: 2464, Time: 00:10:14

Health: 0/41       AC:  7    Str: 13    XL:     4   Next: 86%
Magic:  5/5        EV: 10    Int: 11    God:
Gold:   77         SH:  0    Dex: 11    Spells: 5/5 levels left

rFire    . . .     SeeInvis .   a - +2 spear
rCold    . . .     Faith    .   (no shield)
rNeg     . . .     Spirit   .   f - +0 ring mail
rPois    .         Reflect  .   (no helmet)
rElec    .         Harm     .   (no cloak)
rCorr    .         Rampage  .   o - +0 pair of gloves
Will     .....                  (no boots)
Stlth    ..........             (no amulet)
HPRegen  0.13/turn              (no ring)
MPRegen  0.09/turn              (no ring)

@: confused, brilliant
A: fangs 1, strong nose, distributed training
a: no special abilities


You were on level 3 of the Dungeon.
You visited 1 branch of the dungeon, and saw 3 of its levels.

You collected 77 gold pieces.

Inventory:

Hand Weapons
 a - a +2 spear (weapon)
 b - a +0 mace
 g - a +0 hand axe
 l - a +0 hunting sling
Missiles
 n - 37 stones
 r - 4 boomerangs (quivered)
Armour
 d - a +0 robe
 f - a +0 ring mail (worn)
 o - a +0 pair of gloves (worn)
Scrolls
 i - 2 scrolls of teleportation
 j - 2 scrolls of immolation {unknown}
 m - 4 scrolls of identify {unknown}
 p - a scroll of magic mapping {unknown}
 q - a scroll of noise {unknown}
Potions
 c - a potion of lignification
 e - a potion of brilliance
 h - a potion of curing
 k - a potion of resistance {unknown}


   Skills:
 + Level 6.6 Fighting
 + Level 1.2 Short Blades
 + Level 1.2 Long Blades
 + Level 1.2 Axes
 + Level 4.7 Maces & Flails
 + Level 2.8 Polearms
 + Level 1.2 Staves
 + Level 1.2 Slings
 + Level 1.2 Bows
 + Level 1.2 Crossbows
 + Level 2.8 Throwing
 + Level 4.7 Armour
 + Level 1.2 Dodging
 + Level 2.6 Stealth
 + Level 1.2 Shields
 + Level 1.2 Unarmed Combat
 + Level 1.2 Spellcasting
 + Level 1.0 Conjurations
 + Level 1.0 Hexes
 + Level 1.0 Summonings
 + Level 1.0 Necromancy
 + Level 1.0 Translocations
 + Level 1.0 Transmutations
 + Level 1.0 Fire Magic
 + Level 1.0 Ice Magic
 + Level 1.0 Air Magic
 + Level 1.0 Earth Magic
 + Level 1.0 Poison Magic
 + Level 1.4 Invocations
 + Level 1.2 Evocations


You had 5 spell levels left.
You didn't know any spells.
Your spell library contained the following spells:

 Spells                   Type           Power      Damage    Failure   Level
 Frozen Ramparts          Ice            8%         1d2       77%         3
 Ice Form                 Ice/Tmut       4%         N/A       99%         4
 Summon Ice Beast         Ice/Summ       4%         N/A       99%         4


Dungeon Overview and Level Annotations

Branches:
Dungeon (3/15)

Altars:

Annotations:
D:3 Sigmund


Innate Abilities, Weirdness & Mutations

You have very sharp teeth.
Your uncanny sense of smell can sniff out nearby items.
Your experience applies equally to all skills.


Message History

Sigmund barely misses you.
You hit Sigmund but do no damage. Your bite misses Sigmund.
Sigmund is moderately wounded.
Sigmund completely misses you.
You closely miss Sigmund.
Sigmund is moderately wounded.
Sigmund barely misses you.
You hit Sigmund.
Sigmund is moderately wounded.
Sigmund barely misses you.
You hit Sigmund.
Sigmund is moderately wounded.
Sigmund closely misses you.
You hit Sigmund.
Sigmund is heavily wounded.
Sigmund gestures wildly while chanting.
Sigmund flickers and vanishes!
As you read the scroll of teleportation, it crumbles to dust.
You feel strangely unstable.
You hear some strange, mumbled words.
You are confused.
You bump into the rock wall.
Something hits you.
* * * LOW HITPOINT WARNING * * *
You completely miss something.
You hear some strange, mumbled words.
A magic dart appears from out of thin air!
The magic dart hits you.
* * * LOW HITPOINT WARNING * * *
You're too confused to move!
Your surroundings suddenly seem different.
A goblin comes into view. It is wielding a +0 club.
The goblin shouts!
A ball python comes into view.
The ball python hisses angrily.
A bat comes into view.
The bat barely misses you.
A rat comes into view.
Found a scroll labelled NUZIUT KAPU.
You bump into the rock wall.
The bat closely misses you. The rat bites you.
You die...

### #...
....##
......#
8..8...
......b###
.....8r@.#
..S........#
........##.#
.....8..# #
.......##
8..8...
....g..
.....?.


You could see a goblin, a bat, a ball python and a rat.

Vanquished Creatures
  2 adders (D:2)
  A dart slug (D:1)
  An orc (D:2)
  6 ball pythons
  5 bats
  7 endoplasms
  3 giant cockroaches
  6 goblins
  8 hobgoblins
  15 jackals
  3 quokkas
  8 frilled lizards
  6 kobolds
  2 rats (D:1)
73 creatures vanquished.

Vanquished Creatures (others)
  2 plants (D:1)
2 creatures vanquished.

Grand Total: 75 creatures vanquished

Notes
Turn   | Place    | Note
-------+----------+-------------------------------------------
     0 | D:1      | boggle the Gnoll Wanderer began the quest for the Orb.
     0 | D:1      | boggle set off with the following items: a +2 spear, a +0
                  | mace, a potion of lignification, a +0 robe
     0 | D:1      | Reached XP level 1. HP: 23/23 MP: 1/1
   115 | D:1      | Reached XP level 2. HP: 29/29 MP: 2/2
   588 | D:1      | Reached XP level 3. HP: 33/35 MP: 3/3
  1245 | D:2      | Reached skill level 1 in Invocations
  1346 | D:2      | Reached skill level 1 in Short Blades
  1346 | D:2      | Reached skill level 1 in Long Blades
  1346 | D:2      | Reached skill level 1 in Axes
  1346 | D:2      | Reached skill level 1 in Staves
  1346 | D:2      | Reached skill level 1 in Slings
  1346 | D:2      | Reached skill level 1 in Bows
  1346 | D:2      | Reached skill level 1 in Crossbows
  1346 | D:2      | Reached skill level 1 in Dodging
  1346 | D:2      | Reached skill level 1 in Shields
  1346 | D:2      | Reached skill level 1 in Unarmed Combat
  1346 | D:2      | Reached skill level 1 in Spellcasting
  1346 | D:2      | Reached skill level 1 in Evocations
  1359 | D:2      | Reached XP level 4. HP: 29/41 MP: 5/5
  1736 | D:2      | Reached skill level 1 in Conjurations
  1736 | D:2      | Reached skill level 1 in Hexes
  1736 | D:2      | Reached skill level 1 in Summonings
  1736 | D:2      | Reached skill level 1 in Necromancy
  1736 | D:2      | Reached skill level 1 in Translocations
  1736 | D:2      | Reached skill level 1 in Transmutations
  1736 | D:2      | Reached skill level 1 in Fire Magic
  1736 | D:2      | Reached skill level 1 in Ice Magic
  1736 | D:2      | Reached skill level 1 in Air Magic
  1736 | D:2      | Reached skill level 1 in Earth Magic
  1736 | D:2      | Reached skill level 1 in Poison Magic
  2396 | D:3      | Noticed Sigmund
  2462 | D:3      | HP: 1/41 [something/magic dart (2)]
  2464 | D:3      | Slain by a rat

Illustrated notes

Levels and vault maps discovered:
D:1:      sevenhm_arrival_forest_fort_small_3, layout_loops_corners,
          minmay_misc_feat_iff, minmay_3d_cube
D:2:      layout_loops_ring, minmay_joined_circles
D:3:      layout_basic, mainiacjoe_overflow_alcove_1, tso_metal_star,
          minmay_misc_feat_plants, hangedman_decor_points, uniq_grinder,
          uniq_sigmund, uniq_robin

Skill      XL: |  1  2  3  4 |
---------------+-------------+-----
Invocations    | 1 |  1.4
Short Blades   | 1 |  1.2
Long Blades    | 1 |  1.2
Axes           | 1 |  1.2
Staves         | 1 |  1.2
Slings         | 1 |  1.2
Bows           | 1 |  1.2
Crossbows      | 1 |  1.2
Dodging        | 1 |  1.2
Shields        | 1 |  1.2
Unarmed Combat | 1 |  1.2
Spellcasting   | 1 |  1.2
Evocations     | 1 |  1.2
Conjurations   | 1 |  1.0
Hexes          | 1 |  1.0
Summonings     | 1 |  1.0
Necromancy     | 1 |  1.0
Translocations | 1 |  1.0
Transmutations | 1 |  1.0
Fire Magic     | 1 |  1.0
Ice Magic      | 1 |  1.0
Air Magic      | 1 |  1.0
Earth Magic    | 1 |  1.0
Poison Magic   | 1 |  1.0
Fighting       | |  6.6
Maces & Flails | |  4.7
Polearms       | |  2.8
Throwing       | |  2.8
Armour         | |  4.7
Stealth        | |  2.6

Action                   |  1- 3 |  4- 6 || total
-------------------------+-------+-------++-------
Melee: Spear             |   109 |   129 ||   238
       Bite              |     8 |     9 ||    17
       Punch             |       |     1 ||     1
Throw: Boomerang         |       |     5 ||     5
  Use: Scroll            |       |     3 ||     3
       Potion            |       |     2 ||     2
 Stab: Sleeping          |     5 |       ||     5
Armor: Robe              |    10 |       ||    10
       Ring mail         |    26 |    45 ||    71
Dodge: Dodged            |    58 |    66 ||   124
